 Dungeon Crawl Stone Soup version 0.25.0-46-gbd7b0854d2 (webtiles) character file.

Game seed: 17128355852685353604

63 Gwenloh the Cleaver (level 4, -1/45 HPs)
             Began as a Gnoll Wanderer on July 12, 2020.
             Killed from afar by Grinder (10 damage)
             ... with a puff of flame
             ... while paralysed by Grinder
             ... on level 3 of the Dungeon.
             The game lasted 00:05:05 (1838 turns).

Gwenloh the Cleaver (Gnoll Wanderer)                Turns: 1838, Time: 00:05:06

Health: -1/45      AC:  6    Str: 12    XL:     4   Next: 10%
Magic:  6/6        EV:  2    Int: 17    God:
Gold:   65         SH:  0    Dex: 15    Spells: 5/5 levels left

rFire    . . .     SeeInvis .   a - +0 hand axe
rCold    . . .     Gourm    .   (no shield)
rNeg     . . .     Faith    .   u - +0 ring mail
rPois    .         Spirit   .   i - +0 helmet
rElec    .         Reflect  .   (no cloak)
rCorr    .         Harm     .   (no gloves)
MR       .....                  (no boots)
Stlth    +.........             (no amulet)
HPRegen  0.15/turn              (no ring)
MPRegen  0.10/turn              (no ring)

@: paralysed
A: distributed training, fangs 1, strong nose
a: no special abilities


You were on level 3 of the Dungeon.
You were not hungry.

You visited 1 branch of the dungeon, and saw 3 of its levels.

You collected 65 gold pieces.

Inventory:

Hand Weapons
 a - a +0 hand axe (weapon)
 b - a +0 hunting sling
Missiles
 g - 45 arrows
 k - 51 stones
 n - 25 poisoned darts (quivered)
 p - 13 bolts
Armour
 e - a +0 scale mail
 i - a +0 helmet (worn)
 u - a +0 ring mail (worn)
Scrolls
 f - a scroll of immolation {unknown}
 h - 2 scrolls of fear {unknown}
 o - 2 scrolls of magic mapping {unknown}
 v - 4 scrolls of remove curse {unknown}
 w - a scroll of identify {unknown}
Potions
 j - a potion of curing {unknown}
 l - a potion of haste {unknown}
 m - a potion of lignification {unknown}
 q - a potion of heal wounds {unknown}
 r - a potion of resistance {unknown}
 s - a potion of ambrosia {unknown}
 t - a potion of mutation {unknown}
Miscellaneous
 c - a box of beasts
Comestibles
 d - 6 rations
 x - 5 chunks of flesh


   Skills:
 + Level 8.5 Fighting
 + Level 1.0 Short Blades
 + Level 1.0 Long Blades
 + Level 8.5 Axes
 + Level 1.0 Maces & Flails
 + Level 1.0 Polearms
 + Level 1.0 Staves
 + Level 1.0 Slings
 + Level 1.0 Bows
 + Level 1.0 Crossbows
 + Level 1.0 Throwing
 + Level 1.0 Armour
 + Level 1.0 Dodging
 + Level 1.0 Stealth
 + Level 2.7 Shields
 + Level 1.0 Unarmed Combat
 + Level 1.0 Spellcasting
 + Level 0.7 Conjurations
 + Level 0.7 Hexes
 + Level 0.7 Charms
 + Level 0.7 Summonings
 + Level 0.7 Necromancy
 + Level 0.7 Translocations
 + Level 0.7 Transmutations
 + Level 0.7 Fire Magic
 + Level 0.7 Ice Magic
 + Level 0.7 Air Magic
 + Level 0.7 Earth Magic
 + Level 0.7 Poison Magic
 + Level 1.1 Invocations
 + Level 2.7 Evocations


You had 5 spell levels left.
You didn't know any spells.
Your spell library was empty.

Dungeon Overview and Level Annotations

Branches:
Dungeon (3/15)

Altars:
Dithmenos

Annotations:
D:3 Grinder


Innate Abilities, Weirdness & Mutations

Your experience applies equally to all skills.
You have very sharp teeth.
Your uncanny sense of smell can sniff out nearby items.


Message History

Press: ? - help, Shift-Dir - straight line, f/p - Grinder
Aim: Grinder, carrying a wand of flame (16) (moderately wounded, poisoned)
You throw a poisoned dart. The poisoned dart hits Grinder.
Grinder looks even sicker.
Grinder is moderately wounded.
Grinder gestures at you. Pain shoots through your body!
* * * LOW HITPOINT WARNING * * *
Throwing (i - inventory. (/) - cycle)
n - 26 poisoned darts (quivered)
Press: ? - help, Shift-Dir - straight line, f/p - Grinder
Aim: Grinder, carrying a wand of flame (16) (moderately wounded, very poisoned)
You throw a poisoned dart.
The poisoned dart barely misses Grinder.
Grinder gestures at you.
You suddenly lose the ability to move!
Grinder gestures at you. Pain shoots through your body!
* * * LOW HITPOINT WARNING * * *
Grinder zaps a wand.
The puff of flame hits you!
You die...

..... #(##((...
#### #(.......
######## #..5.....
........ #........
######## #........
# #?....#.. ######
#(....... ......
#@# ###### #.# #..
#.# ######.. #.#
#######....#..
#.###..........#..
#..............#..
#####...)......#..
#..........###
#####......#


You could see Grinder (very poisoned).

Vanquished Creatures
  An adder (D:2)
  An ooze (D:1)
  A worm (D:2)
  3 dart slugs
  3 leopard geckos
  A ball python (D:3)
  5 goblins
  7 hobgoblins
  2 jackals (D:3)
  A quokka (D:3)
  2 frilled lizards
  4 kobolds
  6 rats
37 creatures vanquished.

Notes
Turn   | Place    | Note
-------+----------+-------------------------------------------
     0 | D:1      | Gwenloh the Gnoll Wanderer began the quest for the Orb.
     0 | D:1      | Gwenloh set off with the following items: a +0 hand axe, a
                  | +0 ring mail, a box of beasts, a ration
     0 | D:1      | Reached XP level 1. HP: 26/26 MP: 2/2
   229 | D:1      | Reached XP level 2. HP: 24/33 MP: 3/3
   611 | D:1      | Reached XP level 3. HP: 38/38 MP: 4/4
   932 | D:2      | Found a shadowy altar of Dithmenos.
  1102 | D:2      | Reached skill level 1 in Invocations
  1679 | D:3      | Reached skill level 1 in Short Blades
  1679 | D:3      | Reached skill level 1 in Long Blades
  1679 | D:3      | Reached skill level 1 in Maces & Flails
  1679 | D:3      | Reached skill level 1 in Polearms
  1679 | D:3      | Reached skill level 1 in Staves
  1679 | D:3      | Reached skill level 1 in Slings
  1679 | D:3      | Reached skill level 1 in Bows
  1679 | D:3      | Reached skill level 1 in Crossbows
  1679 | D:3      | Reached skill level 1 in Throwing
  1679 | D:3      | Reached skill level 1 in Armour
  1679 | D:3      | Reached skill level 1 in Dodging
  1679 | D:3      | Reached skill level 1 in Stealth
  1679 | D:3      | Reached skill level 1 in Unarmed Combat
  1679 | D:3      | Reached skill level 1 in Spellcasting
  1742 | D:3      | Reached XP level 4. HP: 45/45 MP: 6/6
  1818 | D:3      | Noticed Grinder
  1836 | D:3      | Paralysed by Grinder for 7 turns
  1838 | D:3      | Killed from afar by Grinder

Illustrated notes

Levels and vault maps discovered:
D:1:      beargit_arrival_greenhouse, layout_basic
D:2:      layout_loops_ring, grunt_dithmenos_smoke
D:3:      layout_basic, first_ration, corexii_shack, minivault_14, uniq_jessica,
          uniq_grinder, uniq_natasha

Skill      XL: |  1  2  3 |
---------------+----------+-----
Invocations    | 1 |  1.1
Short Blades   | 1 |  1.0
Long Blades    | 1 |  1.0
Maces & Flails | 1 |  1.0
Polearms       | 1 |  1.0
Staves         | 1 |  1.0
Slings         | 1 |  1.0
Bows           | 1 |  1.0
Crossbows      | 1 |  1.0
Throwing       | 1 |  1.0
Armour         | 1 |  1.0
Dodging        | 1 |  1.0
Stealth        | 1 |  1.0
Unarmed Combat | 1 |  1.0
Spellcasting   | 1 |  1.0
Fighting       | |  8.5
Axes           | |  8.5
Shields        | |  2.7
Conjurations   | |  0.7
Hexes          | |  0.7
Charms         | |  0.7
Summonings     | |  0.7
Necromancy     | |  0.7
Translocations | |  0.7
Transmutations | |  0.7
Fire Magic     | |  0.7
Ice Magic      | |  0.7
Air Magic      | |  0.7
Earth Magic    | |  0.7
Poison Magic   | |  0.7
Evocations     | |  2.7

Action                   |  1- 3 |  4- 6 || total
-------------------------+-------+-------++-------
Melee: Hand axe          |    87 |     3 ||    90
       Bite              |    10 |       ||    10
 Fire: Hunting sling     |    11 |    18 ||    29
Throw: Dart              |       |     5 ||     5
  Eat: Chunk             |     3 |       ||     3
Armor: Ring mail         |    19 |     2 ||    21
Dodge: Dodged            |    31 |       ||    31
